 Dungeon Crawl Stone Soup version 0.31-a0-859-g9dce7d3444 (webtiles) character file.

Game seed: 13101354546742268697

13283 gelatine the Cudgeller (level 11, -2/84 HPs)
             Began as a Demonspawn Gladiator on Oct 9, 2023.
             Slain by a juggernaut zombie (30 damage)
             ... on level 1 of the Abyss.
             The game lasted 00:43:38 (10200 turns).

gelatine the Cudgeller (Demonspawn Gladiator)      Turns: 10200, Time: 00:43:39

Health: -2/84      AC: 20    Str: 18    XL:     11   Next: 73%
Magic:  15/15      EV: 15    Int: 10    God:
Gold:   651        SH:  0    Dex: 15    Spells: 10/16 levels left

rFire   + . .        E - +4 dire flail (drain)
rCold   . . .        (shield currently unavailable)
rNeg    + . .        K - +2 robe {rF+}
rPois   +            (no helmet)
rElec   .            V - +2 cloak
rCorr   .            N - +2 pair of gloves
SInv    .            r - +2 pair of boots
Will    .....        s - amulet of regeneration
Stlth   ++           c - ring of positive energy
HPRegen 1.14/turn    h - ring of poison resistance
MPRegen 0.28/turn

%: no passive effects
@: sanguine armoured
A: hooves 1, powered by death 2, magic regeneration, sanguine armour 1
a: no special abilities


You were on level 1 of the Abyss.
You visited 2 branches of the dungeon, and saw 12 of its levels.
You visited the Abyss 2 times.
You also visited: Bailey.

You collected 781 gold pieces.
You spent 130 gold pieces at shops.

Inventory:

Hand Weapons
 a - a +0 war axe
 e - a +6 trident of protection
 E - a +4 dire flail of draining (weapon)
 F - a +4 trident of draining
 J - a +4 trident
Missiles
 d - a throwing net
 M - 26 poisoned darts (quivered)
 W - a curare-tipped dart
 X - 5 javelins
Armour
 i - a +1 pair of gloves
 j - a +2 helmet
 r - a +2 pair of boots (worn)
 t - +0 acid dragon scales
 G - a +0 buckler
 I - a +1 chain mail of poison resistance
 K - a +2 robe of fire resistance (worn)
 N - a +2 pair of gloves (worn)
 O - a +1 robe of willpower
 P - +2 steam dragon scales
 V - a +2 cloak (worn)
 Y - the +3 hat of Pondering {ponderous, Will+ MP+10 Int+5}
   (You took it off Gastronok on level 11 of the Dungeon)

   Int+5:     It affects your intelligence (+5).
   Will+:     It increases your willpower.
   MP+10:     It affects your magic capacity (+10).
Jewellery
 c - a ring of positive energy (left hand)
 h - a ring of poison resistance (right hand)
 s - an amulet of regeneration (around neck)
 v - a ring of fire
Talismans
 z - a flux talisman
 U - a maw talisman
Wands
 w - a wand of paralysis (11)
 y - a wand of acid (9)
 D - a wand of roots (8)
 Q - a wand of polymorph (6)
Scrolls
 f - 7 scrolls of teleportation
 g - 2 scrolls of revelation
 l - 2 scrolls of fog
 o - 3 scrolls of enchant armour
 q - 3 scrolls of vulnerability
 B - a scroll of butterflies
 R - a scroll of amnesia
 S - 2 scrolls of poison
 Z - a scroll of immolation
Potions
 b - a potion of berserk rage
 k - 2 potions of resistance
 m - a potion of brilliance
 n - 3 potions of attraction
 p - 2 potions of curing
 u - a potion of might
 x - 4 potions of mutation
 A - 2 potions of magic
 C - 2 potions of cancellation
 H - 2 potions of heal wounds
 L - a potion of enlightenment


   Skills:
 * Level 7.0 Fighting
 + Level 5.8(7.6) Axes
 + Level 7.5(8.5) Maces & Flails
 + Level 5.5 Throwing
 * Level 5.9 Armour
 * Level 7.4 Dodging
 + Level 2.1 Stealth
 * Level 3.2 Spellcasting
 + Level 4.3 Conjurations
 + Level 3.4 Air Magic
 * Level 4.2 Poison Magic
 + Level 2.4 Evocations


You had 10 spell levels left.
You knew the following spells:

 Your Spells              Type           Power      Damage    Failure   Level
a - Static Discharge      Conj/Air       18%        2-3/arc   9%          2
b - Olgreb's Toxic Radia  Pois           10%        N/A       43%         4

Your spell library contained the following spells:

 Spells                   Type           Power      Damage    Failure   Level
 Poisonous Vapours        Pois/Air       18%        N/A       9%          2
 Sting                    Tmut/Pois      20%        1d4       12%         1
 Sandblast                Erth           2%         2d4       28%         1
 Stone Arrow              Conj/Erth      10%        3d7       34%         3
 Ensorcelled Hibernation  Hex/Ice        2%         N/A       38%         2
 Jinxbite                 Hex            2%         N/A       38%         2
 Wereblood                Tmut           1%         N/A       38%         2
 Airstrike                Air            4%         2d(1-17)  56%         4
 Inner Flame              Hex/Fire       1%         N/A       63%         3
 Summon Guardian Golem    Hex/Summ       1%         N/A       63%         3
 Flame Wave               Conj/Fire      5%         2d5       75%         4
 Sticky Flame             Conj/Fire      5%         2d3       75%         4
 Summon Lightning Spire   Summ/Air       5%         N/A       80%         4
 Anguish                  Hex/Necr       0%         N/A       95%         4
 Animate Armour           Summ/Erth      2%         N/A       95%         4
 Petrify                  Tmut/Erth      1%         N/A       95%         4
 Irradiate                Conj/Tmut      2%         3d12      97%         5
 Conjure Ball Lightning   Conj/Air       4%         3x3d6     100%        6
 Orb of Destruction       Conj           5%         9d5       100%        7
 Spellforged Servitor     Conj/Summ      2%         N/A       100%        7
 Lehudib's Crystal Spear  Conj/Erth      2%         10d2      100%        8


Dungeon Overview and Level Annotations

Branches:
Dungeon (11/15)            Temple (1/1) D:4            Lair (0/5) D:11
    Orc (0/2) D:11         Bailey (visited)

Altars:
Ashenzari
Cheibriados
Dithmenos
Fedhas
Gozag
Hepliaklqana
Kikubaaqudgha
Makhleb
Nemelex Xobeh
Okawaru
Qazlal
Ru
Sif Muna
Trog
Uskayaw
Vehumet
Wu Jian
Xom
Yredelemnul

Shops:
D:3 [

Annotations:
D:9 Fannar
D:11 Sonja


Innate Abilities, Weirdness & Mutations

You have large cloven feet.
You regenerate health from kills.
You regenerate magic rapidly.
When seriously injured, your blood forms armour. (AC +6)


Message History

The juggernaut zombie is lightly damaged.
You hit the juggernaut zombie.
The juggernaut zombie is lightly damaged.
The juggernaut zombie hits you!!!
Your blood congeals into armour.
The juggernaut zombie hits you!
* * * LOW HITPOINT WARNING * * *
Unknown command.
You hit the juggernaut zombie but do no damage.
The juggernaut zombie is lightly damaged.
You hit the juggernaut zombie.
The juggernaut zombie is lightly damaged.
You hit the juggernaut zombie.
The juggernaut zombie is lightly damaged.
You hit the juggernaut zombie but do no damage.
The juggernaut zombie is lightly damaged.
The juggernaut zombie hits you but does no damage.
The juggernaut zombie barely misses you.
You sock the juggernaut zombie!
The juggernaut zombie is moderately damaged.
You hit the juggernaut zombie.
The juggernaut zombie is moderately damaged.
You hit the juggernaut zombie but do no damage.
The juggernaut zombie is moderately damaged.
The juggernaut zombie hits you!!
* * * LOW HITPOINT WARNING * * *
The juggernaut zombie hits you but does no damage.
Blink to where?
Press: ? - help, Q - select action, (/) - cycle Dir - move target
As you read the scroll of blinking, it crumbles to dust.
You start removing your armour.
You continue taking off the +3 hat of Pondering {ponderous, Will+ MP+10 Int+5}. x4
You finish taking off the +3 hat of Pondering {ponderous, Will+ MP+10 Int+5}.
That put a bit of spring back into your step.
You feel your magic capacity decrease.
Found a gateway leading deeper into the Abyss.
There is a gateway leading deeper into the Abyss here.
The thrashing horror roars!
The thrashing horror tramples you but does no damage.
The thrashing horror barely misses you. The juggernaut zombie hits you!!
You die...

#. #..#.#
#.##..#.#
... .>.
###.##.#
#.#.#..##
###......#
# #.#.#.##
...
#.#.Z..#..
#ยง
#..@X.#####
##.###.#
... ...
#... ####
.....
#.#.## ##..
#..


You could see a thrashing horror and a juggernaut zombie.

Vanquished Creatures
  Gastronok (D:11)
  Erolcha (D:11)
  4 two-headed ogres
  Jeremiah (D:7)
  Grinder (D:3)
  A hornet (D:8)
  2 wraiths
  6 spriggans (Bailey)
  A wyvern (D:9)
  Eustachio (D:6)
  8 yaks
  A steam dragon (D:8)
  2 wargs (D:11)
  Edmund (D:5)
  4 acid dragons
  2 black bears
  4 orc warriors
  6 ice beasts
  7 ogres
  7 centaurs
  3 kobold brigands
  2 gnoll sergeants
  7 bullfrogs
  4 scorpions
  8 wights
  5 killer bees (D:11)
  2 howler monkeys (D:10)
  2 gnoll boudas
  2 hounds (D:5)
  A jelly (D:5)
  5 orc priests
  A sleepcap (D:6)
  8 iguanas
  9 orc wizards
  10 adders
  17 gnolls
  2 shadow imps (D:6)
  A white imp (D:6)
  3 ufetubi
  A worm (D:2)
  5 dart slugs
  31 orcs
  9 endoplasms
  3 giant cockroaches
  6 hobgoblins
  7 jackals
  24 kobolds
  5 quokkas
  3 ball pythons
  10 bats
  2 frilled lizards
  7 goblins
  4 rats
270 creatures vanquished.

Notes
Turn   | Place    | Note
-------+----------+-------------------------------------------
     0 | D:1      | gelatine the Demonspawn Gladiator began the quest for the
                  | Orb.
     0 | D:1      | Reached XP level 1. HP: 16/16 MP: 1/1
   231 | D:1      | Gained mutation: When seriously injured, your blood forms
                  | armour. (AC +6) [demonic ancestry]
   231 | D:1      | Reached XP level 2. HP: 22/22 MP: 2/2
   528 | D:1      | Reached XP level 3. HP: 23/27 MP: 3/3
   816 | D:2      | Reached skill level 1 in Spellcasting
   816 | D:2      | Found an iron altar of Okawaru.
   871 | D:2      | Reached XP level 4. HP: 30/34 MP: 5/5
  1563 | D:3      | Found Vuwnouv's Antique Armour Shop.
  1732 | D:3      | Noticed Grinder
  1743 | D:3      | Paralysed by Grinder for 5 turns
  1756 | D:3      | Paralysed by Grinder for 2 turns
  1769 | D:3      | Killed Grinder
  1770 | D:3      | Reached skill level 1 in Armour
  1770 | D:3      | Gained mutation: You regenerate a little health from kills.
                  | [demonic ancestry]
  1770 | D:3      | Reached XP level 5. HP: 16/40 MP: 5/7
  1770 | D:3      | Gained mutation: You have large cloven feet. [demonic
                  | ancestry]
  1770 | D:3      | Reached XP level 6. HP: 18/46 MP: 5/8
  1887 | D:3      | Learned a level 2 spell: Static Discharge
  2230 | Abyss:1  | Cast into level 1 of the Abyss (orc wizard)
  2248 | Abyss:1  | Found a corrupted altar of Lugonu.
  2298 | D:3      | Escaped the Abyss
  2812 | D:4      | Gained mutation: You regenerate magic rapidly. [demonic
                  | ancestry]
  2812 | D:4      | Reached XP level 7. HP: 48/52 MP: 9/9
  3155 | D:4      | Found a staircase to the Ecumenical Temple.
  3164 | Temple   | Entered the Ecumenical Temple
  3253 | D:5      | Entered Level 5 of the Dungeon
  3418 | D:5      | Reached skill level 1 in Stealth
  3418 | D:5      | Reached skill level 1 in Air Magic
  3418 | D:5      | Reached skill level 1 in Evocations
  3516 | D:5      | Reached skill level 1 in Conjurations
  3527 | D:5      | Reached skill level 5 in Axes
  3903 | D:5      | Noticed Edmund
  3922 | D:5      | Killed Edmund
  3923 | D:5      | Gained mutation: You regenerate health from kills. [demonic
                  | ancestry]
  3923 | D:5      | Reached XP level 8. HP: 25/60 MP: 10/10
  4619 | D:6      | Reached skill level 1 in Maces & Flails
  4800 | D:6      | Noticed Eustachio
  4815 | D:6      | Killed Eustachio
  4951 | D:6      | Found a sparkling altar of Nemelex Xobeh.
  4952 | D:6      | Found a sacrificial altar of Ru.
  4952 | D:6      | Found an ancient bone altar of Kikubaaqudgha.
  4953 | D:6      | Found a basalt altar of Yredelemnul.
  4955 | D:6      | Found an iron altar of Okawaru.
  4957 | D:6      | Found a hide-covered altar of Uskayaw.
  5177 | D:6      | Reached XP level 9. HP: 51/66 MP: 11/11
  5247 | D:6      | Got a dog-eared book
  5474 | D:7      | Reached skill level 5 in Fighting
  5636 | D:7      | Found a shadowy altar of Dithmenos.
  5733 | D:7      | Reached skill level 5 in Dodging
  5873 | D:7      | Noticed Jeremiah
  6206 | D:7      | Killed Jeremiah
  6597 | D:8      | Learned a level 4 spell: Olgreb's Toxic Radiance
  6726 | D:8      | Reached skill level 5 in Maces & Flails
  6726 | D:8      | Reached XP level 10. HP: 62/74 MP: 12/12
  7056 | D:9      | Found a flagged portal.
  7088 | Bailey   | Entered a bailey
  7110 | Bailey   | Reached skill level 1 in Poison Magic
  7203 | Bailey   | Noticed a two-headed ogre
  7227 | Bailey   | Killed a two-headed ogre
  7236 | Bailey   | Reached skill level 5 in Armour
  7506 | D:9      | Found a blossoming altar of Fedhas.
  8320 | D:10     | Entered Level 10 of the Dungeon
  8379 | D:10     | Found a radiant altar of Vehumet.
  8500 | D:10     | Found a burning altar of Makhleb.
  8547 | D:10     | Noticed Fannar
  8873 | D:10     | Reached XP level 11. HP: 64/82 MP: 13/13
  9339 | D:3      | Bought a cloak for 130 gold pieces
  9562 | D:11     | Noticed a two-headed ogre
  9569 | D:11     | Killed a two-headed ogre
  9590 | D:11     | Reached skill level 5 in Throwing
  9590 | D:11     | Noticed Erolcha
  9612 | D:11     | Killed Erolcha
  9676 | D:11     | Noticed a two-headed ogre
  9692 | D:11     | Killed a two-headed ogre
  9912 | D:11     | Found a staircase to the Orcish Mines.
  9946 | D:11     | Noticed a two-headed ogre
  9957 | D:11     | Killed a two-headed ogre
  9975 | D:11     | Noticed Gastronok
  9995 | D:11     | Killed Gastronok
 10106 | D:11     | Found a staircase to the Lair.
 10127 | D:11     | Noticed Sonja
 10138 | Abyss:1  | Cast into level 1 of the Abyss (Sonja)
 10178 | Abyss:1  | HP: 3/84 [juggernaut zombie (27)]
 10195 | Abyss:1  | Noticed a thrashing horror
 10200 | Abyss:1  | Slain by a juggernaut zombie

Illustrated notes

Levels and vault maps discovered:
D:1:      shiori_arrival_maze, layout_rooms
D:2:      layout_rooms, basic_altar, corexii_item_surrounded_by_moat
D:3:      layout_basic, serial_shops, shop, uniq_grinder
D:4:      layout_cave_pools, minmay_temple_entry_antechambers
D:5:      layout_cave_pods, nicolae_eternal_life, minmay_holes,
          kennysheep_another_room, minmay_chambers_of_fives, uniq_edmund
D:6:      minmay_octagon_keep, layout_rooms, minitemple, uniq_eustachio
D:7:      layout_cave_pools, nicolae_dithmenos_shadow_blocks, uniq_jeremiah
D:8:      layout_loops_ring
D:9:      layout_basic, mainiacjoe_overflow_paths, enter_bailey_3
D:10:     layout_long_grid, mainiacjoe_overflow_24_doors,
          nicolae_overflow_hidden_temple, vehumet_crystals, uniq_fannar
D:11:     layout_loops_cross, erik_lair_orcish_takeover,
          nicolae_gozag_seed_capital, uniq_gastronok, uniq_erolcha, uniq_sonja
Temple:   nicolae_temple_two_arcs
Abyss:1:  base: D:2, base:
D:1

Skill      XL: |  1  2  3  4  5  6  7  8  9 10 11 |
---------------+----------------------------------+-----
Axes           | 3 4 5 |  5.8
Dodging        | 3 4 5 6 7 |  7.4
Spellcasting   | 1 3 |  3.2
Throwing       | 2 3 4 5 |  5.5
Armour         | 1 2 3 4 5 |  5.9
Fighting       | 3 4 5 6 7 |  7.0
Stealth        | 1 2 |  2.1
Air Magic      | 1 2 3 |  3.4
Evocations     | 1 2 |  2.4
Conjurations   | 1 3 4 |  4.3
Maces & Flails | 3 5 6 7 |  7.5
Poison Magic   | 2 4 |  4.2

Action                     |  1- 3 |  4- 6 |  7- 9 | 10-12 || total
---------------------------+-------+-------+-------+-------++-------
  Melee: War axe           |   115 |   127 |   127 |       ||   369
         Punch             |     1 |       |     1 |       ||     2
         Dire flail        |       |       |   234 |   309 ||   543
  Throw: Throwing net      |     3 |       |       |       ||     3
         Boomerang         |       |    48 |     8 |       ||    56
         Javelin           |       |     4 |     6 |    50 ||    60
         Dart              |       |       |    43 |    46 ||    89
   Cast: Static Discharge  |       |       |     4 |       ||     4
         Olgreb's Toxic Ra |       |       |       |     3 ||     3
  Evoke: Wand              |       |       |     1 |    35 ||    36
    Use: Scroll            |     4 |     4 |     8 |    11 ||    27
         Potion            |       |     1 |     5 |     1 ||     7
   Stab: Distracted        |     1 |       |       |       ||     1
         Sleeping          |       |       |     1 |     1 ||     2
 Armour: Leather armour    |    70 |   101 |   210 |       ||   381
         Chain mail        |       |       |    81 |       ||    81
         Skin              |       |       |    44 |       ||    44
         Robe              |       |       |    25 |   162 ||   187
         Steam dragon scal |       |       |       |    98 ||    98
  Dodge: Dodged            |   103 |   107 |   320 |   210 ||   740

Table legend: (Time is in decaauts)
 A = Elapsed time spent in this place.
 B = Non-inter-level travel time spent in this place.
 C = Inter-level travel time spent in this place.
 D = Time resting spent in this place.
 E = Time spent auto-exploring this place.
 F = Levels seen in this place.
 G = Mean time per level.
                   A        B        C        D        E       F      G
               +--------+--------+--------+--------+--------+-----+--------+
         Total |  10357 |   9205 |   1152 |      0 |   6489 |  15 |  690.5 |
       Dungeon |   9859 |   8772 |   1087 |      0 |   6287 |  11 |  896.3 |
        Temple |     66 |      1 |     65 |      0 |      0 |   1 |   66.0 |
         Abyss |    130 |    130 |      0 |      0 |     67 |   2 |   65.0 |
        Bailey |    301 |    301 |      0 |      0 |    134 |   1 |  301.0 |
               +--------+--------+--------+--------+--------+-----+--------+

Top non-repeatable levels by time:
     D:3: 1410 daAuts
     D:5: 1379 daAuts
     D:9: 1232 daAuts
     D:6: 946 daAuts
     D:7: 769 daAuts
    D:10: 767 daAuts
     D:4: 765 daAuts
     D:8: 678 daAuts
     D:1: 662 daAuts
     D:2: 645 daAuts
    D:11: 600 daAuts
  Bailey: 301 daAuts
 Abyss:1: 130 daAuts
  Temple: 66 daAuts
